Workbook

Sheet TB
J1: MAJ/SEM
D20: =TEXT(TODAY()-20,"mmm aa") -> oct 18 | J20: =TEXT(TODAY(),"mmm aa") -> nov 18
M22: =TEXT(TODAY()+20,"mmm aa") -> nov 18 | O22: =TEXT(TODAY()+50,"mmm aa") -> déc 18
D23: l | H23: l | M23: l | O23: l
D24: l | H24: l | M24: l | O24: l
D25: l | H25: l | M25: l | O25: l

Sheet bal
A1: Compte | B1: Libellé | C1: 2018 | D1: 2017
A2: 101300 | B2: Capital souscrit-appelé, versé | C2: -61200 | D2: -61200 | F2: =LEFT(A2,3) -> 101
A3: 106100 | B3: Réserve légale | C3: -1000 | D3: -1000 | F3: =LEFT(A3,3) -> 106
A4: 106800 | B4: Autres réserves | C4: -2944.77 | D4: -2944.77 | F4: =LEFT(A4,3) -> 106
A5: 119000 | B5: Report à nouveau (solde débiteur) | C5: 19411.63 | D5: 19411.63 | F5: =LEFT(A5,3) -> 119
A6: 120000 | B6: Bénéfice | C6: -17372.13 | D6: 0 | F6: =LEFT(A6,3) -> 120
A7: 129000 | B7: Perte | C7: 0 | D7: 0 | F7: =LEFT(A7,3) -> 129
A8: 164000 | B8: Emprunts 913043 27500 € CA | C8: -557.2 | D8: 0 | F8: =LEFT(A8,3) -> 164
A9: 164100 | B9: Emprunts ets de crédit à + 5 ans | C9: 557.2 | D9: 0 | F9: =LEFT(A9,3) -> 164
A10: 164200 | B10: Empunt 1291362 LIGNE CT | C10: -14000 | D10: -14000 | F10: =LEFT(A10,3) -> 164
A11: 164300 | B11: Ech prt 10 000 €SMC | C11: 704.07 | D11: -1127.44 | F11: =LEFT(A11,3) -> 164
A12: 164400 | B12: Emprunt 10 K€ SMC outils informatiq | C12: -3591.16 | D12: -4938.88 | F12: =LEFT(A12,3) -> 164
A13: 164500 | B13: Prêt n°SG 40 K€ 217354001608 | C13: -22540.72 | D13: -4000 | F13: =LEFT(A13,3) -> 164
... A177: 890000 | B177: Compte de bilan | C177: 0 | D177: 0 | F177: =LEFT(A177,3) -> 890

Sheet bal mens 
A1: VENTES
A2: mensuelles | B2: 1 | C2: 2 | D2: 3 | E2: 4 | F2: 5 | G2: 6 | H2: 7 | I2: 8 | J2: 9 | K2: 10 | L2: 11 | M2: 12
A3: 2017 | B3: =SUMIF([1]CONVERT!$A$1:$O$113,70,[1]CONVERT!$D$1:$D$96) -> 13540 | C3: =SUMIF([1]CONVERT!$A$1:$O$113,70,[1]CONVERT!$E$1:$E$96) -> 26302 | D3: =SUMIF([1]CONVERT!$A$1:$O$113,70,[1]CONVERT!$F$1:$F$96) -> 6154 | E3: =SUMIF([1]CONVERT!$A$1:$O$113,70,[1]CONVERT!$G$1:$G$96) -> 23985 | F3: =SUMIF([1]CONVERT!$A$1:$O$113,70,[1]CONVERT!$H$1:$H$96) -> 53958 | G3: =SUMIF([1]CONVERT!$A$1:$O$113,70,[1]CONVERT!$I$1:$I$96) -> 40790 | H3: =SUMIF([1]CONVERT!$A$1:$O$113,70,[1]CONVERT!$J$1:$J$96) -> 10818 | I3: =SUMIF([1]CONVERT!$A$1:$O$113,70,[1]CONVERT!$K$1:$K$96) -> 40987 | J3: =SUMIF([1]CONVERT!$A$1:$O$113,70,[1]CONVERT!$L$1:$L$96) -> 13897 | K3: =SUMIF([1]CONVERT!$A$1:$O$113,70,[1]CONVERT!$M$1:$M$96) -> 10123 | L3: =SUMIF([1]CONVERT!$A$1:$O$113,70,[1]CONVERT!$N$1:$N$96) -> 4058 | M3: =SUMIF([1]CONVERT!$A$1:$O$113,70,[1]CONVERT!$O$1:$O$96) -> 10965 | N3: =SUM(A3:M3) -> 257594
A4: 2018 | B4: =SUMIF([2]CONVERT!$A$1:$O$113,70,[2]CONVERT!$D$1:$D$96) -> 3951 | C4: =SUMIF([2]CONVERT!$A$1:$O$113,70,[2]CONVERT!$E$1:$E$96) -> 557 | D4: =SUMIF([2]CONVERT!$A$1:$O$113,70,[2]CONVERT!$F$1:$F$96) -> 6626 | E4: =SUMIF([2]CONVERT!$A$1:$O$113,70,[2]CONVERT!$G$1:$G$96) -> 6484 | F4: =SUMIF([2]CONVERT!$A$1:$O$113,70,[2]CONVERT!$H$1:$H$96) -> 20031 | G4: =SUMIF([2]CONVERT!$A$1:$O$113,70,[2]CONVERT!$I$1:$I$96) -> 52949 | H4: =SUMIF([2]CONVERT!$A$1:$O$113,70,[2]CONVERT!$J$1:$J$96) -> 40872 | I4: =SUMIF([2]CONVERT!$A$1:$O$113,70,[2]CONVERT!$K$1:$K$96) -> 60682 | J4: =SUMIF([2]CONVERT!$A$1:$O$113,70,[2]CONVERT!$L$1:$L$96) -> 51216 | K4: =SUMIF([2]CONVERT!$A$1:$O$113,70,[2]CONVERT!$M$1:$M$96) -> 0 | L4: =SUMIF([2]CONVERT!$A$1:$O$113,70,[2]CONVERT!$N$1:$N$96) -> 0 | M4: =SUMIF([2]CONVERT!$A$1:$O$113,70,[2]CONVERT!$O$1:$O$96) -> 0 | N4: =SUM(B4:M4) -> 243368
A5: budget | B5: ='[3]DATA UO'!$B$51*62*1.5 -> 0 | C5: ='[3]DATA UO'!$C$51*62*1.5 -> 0 | D5: ='[3]DATA UO'!$D$51*62*1.5 -> 0 | E5: ='[3]DATA UO'!$E$51*62*1.5 -> 0 | F5: ='[3]DATA UO'!$F$51*62*1.5 -> 0 | G5: ='[3]DATA UO'!$G$51*62*1.5 -> 0 | H5: ='[3]DATA UO'!$H$51*62*1.5 -> 0 | I5: ='[3]DATA UO'!$I$51*62*1.5 -> 0 | J5: ='[3]DATA UO'!$J$51*62*1.5 -> 0 | K5: ='[3]DATA UO'!$K$51*62*1.5 -> 0 | L5: ='[3]DATA UO'!$L$51*62*1.5 -> 0 | M5: ='[3]DATA UO'!$M51*1.5*62 -> 0 | N5: =SUM(B5:M5) -> 0
A7: cumulées | B7: =B2 -> 1 | C7: =C2 -> 2 | D7: =D2 -> 3 | E7: =E2 -> 4 | F7: =F2 -> 5 | G7: =G2 -> 6 | H7: =H2 -> 7 | I7: =I2 -> 8 | ... M7: =M2 -> 12
A8: 2017 | B8: =B3 -> 13540 | C8: =B8+C3 -> 39842 | D8: =C8+D3 -> 45996 | E8: =D8+E3 -> 69981 | F8: =E8+F3 -> 123939 | G8: =F8+G3 -> 164729 | H8: =G8+H3 -> 175547 | I8: =H8+I3 -> 216534 | J8: =I8+J3 -> 230431 | ... M8: =L8+M3 -> 255577
A9: 2018 | B9: =B4 -> 3951 | C9: =B9+C4 -> 4508 | D9: =C9+D4 -> 11134 | E9: =D9+E4 -> 17618 | F9: =E9+F4 -> 37649 | G9: =F9+G4 -> 90598 | H9: =G9+H4 -> 131470 | I9: =H9+I4 -> 192152 | J9: =I9+J4 -> 243368 | ... M9: =L9+M4 -> 243368
A10: budget | B10: =B5 -> 0 | C10: =B10+C5 -> 0 | D10: =C10+D5 -> 0 | E10: =D10+E5 -> 0 | F10: =E10+F5 -> 0 | G10: =F10+G5 -> 0 | H10: =G10+H5 -> 0 | I10: =H10+I5 -> 0 | J10: =I10+J5 -> 0 | ... M10: =L10+M5 -> 0
A14: marge | B14: =B2 -> 1 | C14: =C2 -> 2 | D14: =D2 -> 3 | E14: =E2 -> 4 | F14: =F2 -> 5 | G14: =G2 -> 6 | H14: =H2 -> 7 | I14: =I2 -> 8 | ... M14: =M2 -> 12
A15: 2017 | B15: =B3-B22 -> 8352 | C15: =C3-C22 -> 3992 | D15: =D3-D22 -> 15638 | E15: =E3-E22 -> 1395 | F15: =F3-F22 -> 35995 | G15: =G3-G22 -> 25483 | H15: =H3-H22 -> -10129 | I15: =I3-I22 -> 34430 | ... M15: =M3-M22 -> 27568
A16: 2018 | B16: =B4-B23 -> -15795 | C16: =C4-C23 -> -4550 | D16: =D4-D23 -> -1766 | E16: =E4-E23 -> -18187 | F16: =F4-F23 -> 10533 | G16: =G4-G23 -> 36007 | H16: =H4-H23 -> 24047 | I16: =I4-I23 -> 30710 | ... M16: =M4-M23 -> 0
B18: =B14 -> 1 | C18: =C14 -> 2 | D18: =D14 -> 3 | E18: =E14 -> 4 | F18: =F14 -> 5 | G18: =G14 -> 6 | H18: =H14 -> 7 | I18: =I14 -> 8 | ... M18: =M14 -> 12
A19: 2017 | B19: =B15 -> 8352 | C19: =C15+B19 -> 12344 | D19: =D15+C19 -> 27982 | E19: =E15+D19 -> 29377 | F19: =F15+E19 -> 65372 | G19: =G15+F19 -> 90855 | H19: =H15+G19 -> 80726 | I19: =I15+H19 -> 115156 | J19: =J15+I19 -> 115957 | ... M19: =M15+L19 -> 151257
A20: 2018 | B20: =B16 -> -15795 | C20: =C16+B16 -> -20345 | D20: =D16+C16 -> -6316 | E20: =E16+D16 -> -19953 | F20: =F16+E16 -> -7654 | G20: =G16+F16 -> 46540 | H20: =H16+G16 -> 60054 | I20: =I16+H16 -> 54757 | J20: =J16+I16 -> 75485 | ... M20: =M16+L16 -> 0
A22: ACHATS | B22: =SUMIF([1]CONVERT!$A$1:$O$103,60,[1]CONVERT!$D$1:$D$95) -> 5188 | C22: =SUMIF([1]CONVERT!$A$1:$O$103,60,[1]CONVERT!$E$1:$E$95) -> 22310 | D22: =SUMIF([1]CONVERT!$A$1:$O$103,60,[1]CONVERT!$F$1:$F$95) -> -9484 | E22: =SUMIF([1]CONVERT!$A$1:$O$103,60,[1]CONVERT!$G$1:$G$95) -> 22590 | F22: =SUMIF([1]CONVERT!$A$1:$O$103,60,[1]CONVERT!$H$1:$H$95) -> 17963 | G22: =SUMIF([1]CONVERT!$A$1:$O$103,60,[1]CONVERT!$I$1:$I$95) -> 15307 | H22: =SUMIF([1]CONVERT!$A$1:$O$103,60,[1]CONVERT!$J$1:$J$95) -> 20947 | I22: =SUMIF([1]CONVERT!$A$1:$O$103,60,[1]CONVERT!$K$1:$K$95) -> 6557 | J22: =SUMIF([1]CONVERT!$A$1:$O$103,60,[1]CONVERT!$L$1:$L$95) -> 13096 | K22: =SUMIF([1]CONVERT!$A$1:$O$103,60,[1]CONVERT!$M$1:$M$95) -> 2078 | L22: =SUMIF([1]CONVERT!$A$1:$O$103,60,[1]CONVERT!$N$1:$N$95) -> 4371 | M22: =SUMIF([1]CONVERT!$A$1:$O$103,60,[1]CONVERT!$O$1:$O$95) -> -16603
B23: =SUMIF([2]CONVERT!$A$1:$O$103,60,[2]CONVERT!$D$1:$D$95) -> 19746 | C23: =SUMIF([2]CONVERT!$A$1:$O$103,60,[2]CONVERT!$E$1:$E$95) -> 5107 | D23: =SUMIF([2]CONVERT!$A$1:$O$103,60,[2]CONVERT!$F$1:$F$95) -> 8392 | E23: =SUMIF([2]CONVERT!$A$1:$O$103,60,[2]CONVERT!$G$1:$G$95) -> 24671 | F23: =SUMIF([2]CONVERT!$A$1:$O$103,60,[2]CONVERT!$H$1:$H$95) -> 9498 | G23: =SUMIF([2]CONVERT!$A$1:$O$103,60,[2]CONVERT!$I$1:$I$95) -> 16942 | H23: =SUMIF([2]CONVERT!$A$1:$O$103,60,[2]CONVERT!$J$1:$J$95) -> 16825 | I23: =SUMIF([2]CONVERT!$A$1:$O$103,60,[2]CONVERT!$K$1:$K$95) -> 29972 | J23: =SUMIF([2]CONVERT!$A$1:$O$103,60,[2]CONVERT!$L$1:$L$95) -> 6441 | K23: =SUMIF([2]CONVERT!$A$1:$O$103,60,[2]CONVERT!$M$1:$M$95) -> 3234 | L23: =SUMIF([2]CONVERT!$A$1:$O$103,60,[2]CONVERT!$N$1:$N$95) -> 0 | M23: =SUMIF([2]CONVERT!$A$1:$O$103,60,[2]CONVERT!$O$1:$O$95) -> 0
A25: Masse salariales | B25: =B18 -> 1 | C25: =C18 -> 2 | D25: =D18 -> 3 | E25: =E18 -> 4 | F25: =F18 -> 5 | G25: =G18 -> 6 | H25: =H18 -> 7 | I25: =I18 -> 8 | ... M25: =M18 -> 12
A26: 2017 | B26: =SUMIF([1]CONVERT!$A$1:$O$294,64,[1]CONVERT!$D$1:$D$94) -> 5082 | C26: =SUMIF([1]CONVERT!$A$1:$O$294,64,[1]CONVERT!$E$1:$E$94) -> 4601 | D26: =SUMIF([1]CONVERT!$A$1:$O$294,64,[1]CONVERT!$F$1:$F$94) -> 5842 | E26: =SUMIF([1]CONVERT!$A$1:$O$294,64,[1]CONVERT!$G$1:$G$94) -> 6640 | F26: =SUMIF([1]CONVERT!$A$1:$O$294,64,[1]CONVERT!$H$1:$H$94) -> 7240 | G26: =SUMIF([1]CONVERT!$A$1:$O$294,64,[1]CONVERT!$I$1:$I$94) -> 6441 | H26: =SUMIF([1]CONVERT!$A$1:$O$294,64,[1]CONVERT!$J$1:$J$94) -> 8270 | I26: =SUMIF([1]CONVERT!$A$1:$O$294,64,[1]CONVERT!$K$1:$K$94) -> 6927 | J26: =SUMIF([1]CONVERT!$A$1:$O$294,64,[1]CONVERT!$L$1:$L$94) -> 5356 | K26: =SUMIF([1]CONVERT!$A$1:$O$294,64,[1]CONVERT!$M$1:$M$94) -> 6545 | L26: =SUMIF([1]CONVERT!$A$1:$O$294,64,[1]CONVERT!$N$1:$N$94) -> 7945 | M26: =SUMIF([1]CONVERT!$A$1:$O$294,64,[1]CONVERT!$O$1:$O$94) -> 10647
A27: 2018 | B27: =SUMIF([2]CONVERT!$A$1:$O$294,64,[2]CONVERT!$D$1:$D$94) -> 11017 | C27: =SUMIF([2]CONVERT!$A$1:$O$294,64,[2]CONVERT!$E$1:$E$94) -> 12865 | D27: =SUMIF([2]CONVERT!$A$1:$O$294,64,[2]CONVERT!$F$1:$F$94) -> 10799 | E27: =SUMIF([2]CONVERT!$A$1:$O$294,64,[2]CONVERT!$G$1:$G$94) -> 10221 | F27: =SUMIF([2]CONVERT!$A$1:$O$294,64,[2]CONVERT!$H$1:$H$94) -> 12317 | G27: =SUMIF([2]CONVERT!$A$1:$O$294,64,[2]CONVERT!$I$1:$I$94) -> 17445 | H27: =SUMIF([2]CONVERT!$A$1:$O$294,64,[2]CONVERT!$J$1:$J$94) -> 12841 | I27: =SUMIF([2]CONVERT!$A$1:$O$294,64,[2]CONVERT!$K$1:$K$94) -> 16043 | J27: =SUMIF([2]CONVERT!$A$1:$O$294,64,[2]CONVERT!$L$1:$L$94) -> 17762 | K27: =SUMIF([2]CONVERT!$A$1:$O$294,64,[2]CONVERT!$M$1:$M$94) -> 0 | L27: =SUMIF([2]CONVERT!$A$1:$O$294,64,[2]CONVERT!$N$1:$N$94) -> 0 | M27: =SUMIF([2]CONVERT!$A$1:$O$294,64,[2]CONVERT!$O$1:$O$94) -> 0
B29: 1 | C29: 2 | D29: 3 | E29: 4 | F29: 5 | G29: 6 | H29: 7 | I29: 8 | J29: 9 | K29: 10 | L29: 11 | M29: 12
A30: 2017 | B30: =B26 -> 5082 | C30: =B30+C26 -> 9683 | D30: =C30+D26 -> 15525 | E30: =D30+E26 -> 22165 | F30: =E30+F26 -> 29405 | G30: =F30+G26 -> 35846 | H30: =G30+H26 -> 44116 | I30: =H30+I26 -> 51043 | J30: =I30+J26 -> 56399 | ... M30: =L30+M26 -> 81536
A31: 2018 | B31: =B27 -> 11017 | C31: =C27+B31 -> 23882 | D31: =D27+C31 -> 34681 | E31: =E27+D31 -> 44902 | F31: =F27+E31 -> 57219 | G31: =G27+F31 -> 74664 | H31: =H27+G31 -> 87505 | I31: =I27+H31 -> 103548 | J31: =J27+I31 -> 121310 | ... M31: =M27+L31 -> 121310

Sheet Feuil2
C2: titre | D2: ="CARNET de CDES la date du : "&TEXT(TODAY(),"jj mmm aa") -> CARNET de CDES la date du : 08 nov 18 | H2: en mois
C3: carnet cde net en € | D3: =-'[4]DATA FACTURATIONS'!$G$2+'[4]DATA DEVIS SUITE CDES'!$E$2-'[4]DATA FACTURATIONS'!$F$2 -> 475832 | G3: REOUR DEVIS | H3: 1.5 | J3: FACTURATION POSSIBLE A DATE
C4: titre2 | D4: ="CARNET CDE en mois" -> CARNET CDE en mois | J4: Effectif | L4: Nbre UO | M4: TAUX FACT | N4: CA POSSIBLE
C5: carnet en mois | D5: =D3/N5 -> 11.666795 | J5: =HLOOKUP(H7,[3]EFFECTIFS!$C$14:$N$30,17,FALSE) -> 4 | L5: =HLOOKUP(H7,[3]EFFECTIFS!$C$14:$N$28,15,FALSE) -> 438.55 | M5: 62 | N5: =L5*M5*1.5 -> 40785.15
H6: =TODAY() -> 43412
C7: titre 3 | D7: ACTIONS CIALES à prévoir au | H7: =MONTH(H6) -> 11 | I7: =TEXT(TODAY(),"mmmmmmm") -> novembre | K7: =H7+1 -> 12 | L7: =K7+1 -> 13 | M7: =H7+3-12 -> 2 | N7: =M7+1 -> 3 | O7: =N7+1 -> 4 | P7: =O7+1 -> 5 | Q7: =P7+1 -> 6 | R7: =Q7+1 -> 7 | S7: =R7+1 -> 8 | T7: =S7+1 -> 9 | U7: =T7+1 -> 10 | ... X7: =W7+1 -> 13
I8: 2018 | J8: 2017 | K8: =TEXT(TODAY()+30,"mmmmmmm") -> décembre | L8: =TEXT(TODAY()+60,"mmmmmmm") -> janvier
C9: date devis | D9: =H6+D5*30-H3*30 -> 43717.004 | H9: solde bq | I9: =SUMIF(bal!$F$2:$F$172,512,bal!$C$2:$C$174) -> 22989.71 | J9: =SUMIF(bal!$F$2:$F$172,512,bal!$D$2:$D$174) -> -22117.4
F11: 9 | G11: 10 | H11: 11 | I11: 12
C12: TRESO | D12: AUTORISATIONS | E12: =-12000-4000 -> -16000 | F12: ='[5]TRESO 2018'!$T$28 -> 26078.77 | G12: ='[5]TRESO 2018'!$U$28 -> 26300.77 | H12: ='[5]TRESO 2018'!$W$28 -> -11629.23 | I12: ='[5]TRESO 2018'!$Y$28 -> -29919.23
B15: MOIS | C15: ACOMPTES | D15: FACTURES | E15: BUDGET | F15: PREVI | G15: MOIS | H15: ACOMPTES | I15: FACTURES | J15: BUDGET | K15: PREVI
B16: 1 | C16: =SUMIF('[4]DATA FACTURATIONS'!$C$3:$G$68,1,'[4]DATA FACTURATIONS'!$F$3:$F$68) -> #VALUE! | D16: =SUMIF('[4]DATA FACTURATIONS'!$C$3:$G$68,1,'[4]DATA FACTURATIONS'!$G$3:$G$68) -> #VALUE! | E16: ='[3]DATA UO'!$B$59*62*1.5 -> 28830 | G16: 1 | H16: =C16 -> #VALUE! | I16: =D16 -> #VALUE! | J16: =E16 -> 28830
B17: 2 | C17: =SUMIF('[4]DATA FACTURATIONS'!$C$3:$G$68,2,'[4]DATA FACTURATIONS'!$F$3:$F$68) -> #VALUE! | D17: =SUMIF('[4]DATA FACTURATIONS'!$C$3:$G$68,2,'[4]DATA FACTURATIONS'!$G$3:$G$68) -> #VALUE! | E17: ='[3]DATA UO'!$C$59*62*1.5 -> 29760 | G17: 2 | H17: =H16+C17 -> #VALUE! | I17: =I16+D17 -> #VALUE! | J17: =J16+E17 -> 58590
B18: 3 | C18: =SUMIF('[4]DATA FACTURATIONS'!$C$3:$G$68,3,'[4]DATA FACTURATIONS'!$F$3:$F$68) -> #VALUE! | D18: =SUMIF('[4]DATA FACTURATIONS'!$C$3:$G$68,3,'[4]DATA FACTURATIONS'!$G$3:$G$68) -> #VALUE! | E18: ='[3]DATA UO'!$D$59*62*1.5 -> 32550 | G18: 3 | H18: =H17+C18 -> #VALUE! | I18: =I17+D18 -> #VALUE! | J18: =J17+E18 -> 91140
B19: 4 | C19: =SUMIF('[4]DATA FACTURATIONS'!$C$3:$G$68,4,'[4]DATA FACTURATIONS'!$F$3:$F$68) -> #VALUE! | D19: =SUMIF('[4]DATA FACTURATIONS'!$C$3:$G$68,4,'[4]DATA FACTURATIONS'!$G$3:$G$68) -> #VALUE! | E19: ='[3]DATA UO'!$E$59*62*1.5 -> 41850 | G19: 4 | H19: =H18+C19 -> #VALUE! | I19: =I18+D19 -> #VALUE! | J19: =J18+E19 -> 132990
B20: 5 | C20: =SUMIF('[4]DATA FACTURATIONS'!$C$3:$G$68,5,'[4]DATA FACTURATIONS'!$F$3:$F$68) -> #VALUE! | D20: =SUMIF('[4]DATA FACTURATIONS'!$C$3:$G$68,5,'[4]DATA FACTURATIONS'!$G$3:$G$68) -> #VALUE! | E20: ='[3]DATA UO'!$F$59*62*1.5 -> 41850 | G20: 5 | H20: =H19+C20 -> #VALUE! | I20: =I19+D20 -> #VALUE! | J20: =J19+E20 -> 174840
B21: 6 | C21: =SUMIF('[4]DATA FACTURATIONS'!$C$3:$G$68,6,'[4]DATA FACTURATIONS'!$F$3:$F$68) -> #VALUE! | D21: =SUMIF('[4]DATA FACTURATIONS'!$C$3:$G$68,6,'[4]DATA FACTURATIONS'!$G$3:$G$68) -> #VALUE! | E21: ='[3]DATA UO'!$G$59*62*1.5 -> 41850 | G21: 6 | H21: =H20+C21 -> #VALUE! | I21: =I20+D21 -> #VALUE! | J21: =J20+E21 -> 216690
B22: 7 | C22: =SUMIF('[4]DATA FACTURATIONS'!$C$3:$G$68,7,'[4]DATA FACTURATIONS'!$F$3:$F$68) -> #VALUE! | D22: =SUMIF('[4]DATA FACTURATIONS'!$C$3:$G$68,7,'[4]DATA FACTURATIONS'!$G$3:$G$68) -> #VALUE! | E22: ='[3]DATA UO'!$H$59*62*1.5 -> 32550 | G22: 7 | H22: =H21+C22 -> #VALUE! | I22: =I21+D22 -> #VALUE! | J22: =J21+E22 -> 249240
B23: 8 | C23: =SUMIF('[4]DATA FACTURATIONS'!$C$3:$G$68,8,'[4]DATA FACTURATIONS'!$F$3:$F$68) -> #VALUE! | D23: =SUMIF('[4]DATA FACTURATIONS'!$C$3:$G$68,8,'[4]DATA FACTURATIONS'!$G$3:$G$68) -> #VALUE! | E23: ='[3]DATA UO'!$I$59*62*1.5 -> 32550 | G23: 8 | H23: =H22+C23 -> #VALUE! | I23: =I22+D23 -> #VALUE! | J23: =J22+E23 -> 281790
B24: 9 | C24: =SUMIF('[4]DATA FACTURATIONS'!$C$3:$G$68,9,'[4]DATA FACTURATIONS'!$F$3:$F$68) -> #VALUE! | D24: =SUMIF('[4]DATA FACTURATIONS'!$C$3:$G$68,9,'[4]DATA FACTURATIONS'!$G$3:$G$68) -> #VALUE! | E24: ='[3]DATA UO'!$J$59*62*1.5 -> 41850 | G24: 9 | H24: =H23+C24 -> #VALUE! | I24: =I23+D24 -> #VALUE! | J24: =J23+E24 -> 323640
B25: 10 | C25: =SUMIF('[4]DATA FACTURATIONS'!$C$3:$G$68,10,'[4]DATA FACTURATIONS'!$F$3:$F$68) -> #VALUE! | D25: =SUMIF('[4]DATA FACTURATIONS'!$C$3:$G$68,10,'[4]DATA FACTURATIONS'!$G$3:$G$68) -> #VALUE! | E25: ='[3]DATA UO'!$K$59*62*1.5 -> 41850 | F25: =[6]Feuil1!$J$28 -> 35026 | G25: 10 | H25: =H24+C25 -> #VALUE! | I25: =I24+D25 -> #VALUE! | J25: =J24+E25 -> 365490 | K25: =F25 -> 35026
B26: 11 | C26: =SUMIF('[4]DATA FACTURATIONS'!$C$3:$G$68,11,'[4]DATA FACTURATIONS'!$F$3:$F$68) -> #VALUE! | D26: =SUMIF('[4]DATA FACTURATIONS'!$C$3:$G$68,11,'[4]DATA FACTURATIONS'!$G$3:$G$68) -> #VALUE! | E26: ='[3]DATA UO'!$L$59*62*1.5 -> 27900 | F26: =[6]Feuil1!$K$28 -> 81000 | G26: 11 | H26: =H25+C26 -> #VALUE! | I26: =I25+D26 -> #VALUE! | J26: =J25+E26 -> 393390 | K26: =K25+F26 -> 116026
B27: 12 | C27: =SUMIF('[4]DATA FACTURATIONS'!$C$3:$G$68,12,'[4]DATA FACTURATIONS'!$F$3:$F$68) -> #VALUE! | D27: =SUMIF('[4]DATA FACTURATIONS'!$C$3:$G$68,12,'[4]DATA FACTURATIONS'!$G$3:$G$68) -> #VALUE! | E27: ='[3]DATA UO'!$M59*1.5*62 -> 23994 | F27: =[6]Feuil1!$L$28 -> 106000 | G27: 12 | H27: =H26+C27 -> #VALUE! | I27: =I26+D27 -> #VALUE! | J27: =J26+E27 -> 417384 | K27: =K26+F27 -> 222026 | L27: =J27*1.2 -> 500860.8
L28: 336000
C29: =SUM(C16:C28) -> #VALUE! | D29: =SUM(D16:D28) -> #VALUE! | E29: =SUM(E16:E28) -> 417384 | L29: =L27-L28 -> 164860.8

Sheet Feuil3
C3: Realisé | D3: =Feuil2!H24 -> #VALUE!
C4: Budget | D4: =Feuil2!J24 -> 323640
C7: bon | D7: 0.33
C8: moyen | D8: 0.33
C9: mauvais | D9: 0.33
C10: vide | D10: 1
C13: valeur | D13: =D3/D4 -> #VALUE!
C14: aiguille | D14: 0.01
C15: restant | D15: =D16-D13-D14 -> #VALUE!
C16: vide | D16: 1

Sheet Feuil4
E2: janv | F2: févr | G2: mars | H2: avr | I2: mai | J2: juin | K2: juil | L2: août | M2: sept | N2: oct | O2: nov | P2: déc
C3: REEL | E3: ='[5]TRESO 2018'!$D$28 -> -33570.62 | F3: ='[5]TRESO 2018'!$F$28 -> -24472.8 | G3: ='[5]TRESO 2018'!$H$28 -> -40827.92 | H3: ='[5]TRESO 2018'!$J$28 -> 39096.54 | I3: ='[5]TRESO 2018'!$L$28 -> 10388.87 | J3: ='[5]TRESO 2018'!$N$28 -> -17117.5 | K3: ='[5]TRESO 2018'!$P$28 -> -13331.55 | L3: ='[5]TRESO 2018'!$R$28 -> -8459.47 | M3: ='[5]TRESO 2018'!$T$28 -> 26078.77 | N3: ='[5]TRESO 2018'!$V$28 -> 26078.77 | O3: ='[5]TRESO 2018'!$X$28 -> 26078.77 | P3: ='[5]TRESO 2018'!$Z$28 -> 26078.77
C4: PREVU | E4: ='[5]TRESO 2018'!$C$28 -> -33570.62 | F4: ='[5]TRESO 2018'!$E$28 -> -24472.8 | G4: ='[5]TRESO 2018'!$G$28 -> -40827.92 | H4: ='[5]TRESO 2018'!$I$28 -> 39096.54 | I4: ='[5]TRESO 2018'!$K$28 -> 10388.87 | J4: ='[5]TRESO 2018'!$M$28 -> -17117.5 | K4: ='[5]TRESO 2018'!$O$28 -> -13331.55 | L4: ='[5]TRESO 2018'!$Q$28 -> -8459.47 | M4: ='[5]TRESO 2018'!$S$28 -> 26078.77 | N4: ='[5]TRESO 2018'!$U$28 -> 26300.77 | O4: ='[5]TRESO 2018'!$W$28 -> -11629.23 | P4: ='[5]TRESO 2018'!$Y$28 -> -29919.23
D6: 1 | E6: 2 | F6: 3 | G6: 4 | H6: 5 | I6: 6 | J6: 7 | K6: 8 | L6: 9 | M6: 10 | N6: 11 | O6: 12 | Q6: 1 | R6: 2 | S6: 3 | T6: 4 | U6: 5 | V6: 6 | W6: 7 | X6: 8 | Y6: 9 | Z6: 10 | AA6: 11 | AB6: 12
C7: UO AFFECTEES | D7: ='[3]DATA UO'!K1 -> 0 | E7: ='[3]DATA UO'!L1 -> 0 | F7: ='[3]DATA UO'!M1 -> 0 | G7: ='[3]DATA UO'!N1 -> 0 | H7: ='[3]DATA UO'!O1 -> 0 | I7: ='[3]DATA UO'!P1 -> 0 | J7: ='[3]DATA UO'!Q1 -> 0 | K7: ='[3]DATA UO'!R1 -> 0 | ... O7: ='[3]DATA UO'!V1 -> 464 | Q7: ='[3]DATA UO'!W1 -> 150 | R7: ='[3]DATA UO'!X1 -> 121 | S7: ='[3]DATA UO'!Y1 -> 148 | T7: ='[3]DATA UO'!Z1 -> 86 | U7: ='[3]DATA UO'!AA1 -> 0 | V7: ='[3]DATA UO'!AB1 -> 196 | W7: ='[3]DATA UO'!AC1 -> 0 | X7: ='[3]DATA UO'!AD1 -> 0 | ... AB7: ='[3]DATA UO'!AH1 -> 0
C8: UO POSSIBLES | D8: =[3]EFFECTIFS!C28 -> 325.325 | E8: =[3]EFFECTIFS!D28 -> 324.1 | F8: =[3]EFFECTIFS!E28 -> 331.1 | G8: =[3]EFFECTIFS!F28 -> 324.1 | H8: =[3]EFFECTIFS!G28 -> 524.28748 | I8: =[3]EFFECTIFS!H28 -> 528.57 | J8: =[3]EFFECTIFS!I28 -> 331.1 | K8: =[3]EFFECTIFS!J28 -> 458.15 | ... O8: =[3]EFFECTIFS!N28 -> 452.55 | Q8: =[3]EFFECTIFS!P28 -> 469.7 | R8: =[3]EFFECTIFS!Q28 -> 464.8 | S8: =[3]EFFECTIFS!R28 -> 467.25 | T8: =[3]EFFECTIFS!S28 -> 467.25 | U8: =[3]EFFECTIFS!T28 -> 464.8 | V8: =[3]EFFECTIFS!U28 -> 462.35 | W8: =[3]EFFECTIFS!V28 -> 472.15 | X8: =[3]EFFECTIFS!W28 -> 430.5 | ... AB8: =[3]EFFECTIFS!AA28 -> 455
C9: BUDGET UO | D9: 310 | E9: 320 | F9: 350 | G9: 450 | H9: 450 | I9: 450 | J9: 350 | K9: 350 | L9: 450 | M9: 450 | N9: 300 | O9: 258 | Q9: 608 | R9: 608 | S9: 608 | T9: 608 | U9: 608 | V9: 608 | W9: 608 | X9: 425.6 | Y9: 608 | Z9: 608 | AA9: 608 | AB9: 486.4
C10: UO DISPO | D10: =D8-D7 -> 325.325 | E10: =E8-E7 -> 324.1 | F10: =F8-F7 -> 331.1 | G10: =G8-G7 -> 324.1 | H10: =H8-H7 -> 524.28748 | I10: =I8-I7 -> 528.57 | J10: =J8-J7 -> 331.1 | K10: =K8-K7 -> 458.15 | ... O10: =O8-O7 -> -11.45 | Q10: =Q8-Q7 -> 319.7 | R10: =R8-R7 -> 343.8 | S10: =S8-S7 -> 319.25 | T10: =T8-T7 -> 381.25 | U10: =U8-U7 -> 464.8 | V10: =V8-V7 -> 266.35 | W10: =W8-W7 -> 472.15 | X10: =X8-X7 -> 430.5 | ... AB10: =AB8-AB7 -> 455
D12: 3 | F12: m | G12: rouge | H12: <= 1 | M12: =HLOOKUP(Feuil2!$H$7,Feuil4!$D$6:$O$10,5) -> -11.45 | N12: =HLOOKUP(Feuil2!$H$7+1,Feuil4!$D$6:$O$10,5) -> -11.45 | O12: =HLOOKUP(Feuil2!$H$7+2,Feuil4!$D$6:$O$10,5) -> -11.45 | Q12: =HLOOKUP(Feuil2!$H$7+3-12,Feuil4!$Q$6:$AB10,5) -> 343.8 | R12: =HLOOKUP(Feuil2!$H$7+4-12,Feuil4!$Q$6:$AB10,5) -> 319.25 | S12: =HLOOKUP(Feuil2!$H$7+5-12,Feuil4!$Q$6:$AB10,5) -> 381.25 | T12: =HLOOKUP(Feuil2!$H$7+6-12,Feuil4!$Q$6:$AB10,5) -> 464.8 | U12: =HLOOKUP(Feuil2!$H$7+7-12,Feuil4!$Q$6:$AB10,5) -> 266.35 | V12: =HLOOKUP(Feuil2!$H$7+8-12,Feuil4!$Q$6:$AB10,5) -> 472.15 | W12: =HLOOKUP(Feuil2!$H$7+9-12,Feuil4!$Q$6:$AB10,5) -> 430.5 | X12: =HLOOKUP(Feuil2!$H$7+10-12,Feuil4!$Q$6:$AB10,5) -> 467.25 | Y12: =HLOOKUP(Feuil2!$H$7+11-12,Feuil4!$Q$6:$AB10,5) -> 472.15 | Z12: =HLOOKUP(Feuil2!$H$7+12-12,Feuil4!$Q$6:$AB10,5) -> 462.35 | AA12: =HLOOKUP(Feuil2!$H$7+13-12,Feuil4!$Q$6:$AB10,5) -> 455 | AB12: =HLOOKUP(Feuil2!$H$7+14-12,Feuil4!$Q$6:$AB10,5) -> 455
F13: m | G13: jaune | H13: >1 et <1.5 | V13: =T12+U12+V12 -> 1203.3 | Y13: =W12+X12+Y12 -> 1369.9 | AB13: =Z12+AA12+AB12 -> 1372.35
F14: m | G14: vert | H14: >=1.5
